 Dungeon Crawl Stone Soup version 0.32-a0-41-gec2d92a32c (webtiles) character file.

Game seed: 13461112287976763227

1533846 PaperRat the Marksdemigod (level 24, 223/223 HPs)
             Began as a Demigod Hunter on Jan 26, 2024.
             Escaped with the Orb
             ... and 3 runes on Jan 27, 2024!
             The game lasted 06:00:55 (80650 turns).

PaperRat the Marksdemigod (Demigod Hunter)         Turns: 80650, Time: 06:00:56

Health: 223/223    AC: 32    Str: 14    XL:     24   Next: 57%
Magic:  46/46      EV: 40    Int: 26    God:
Gold:   743        SH: 14    Dex: 41    Spells: 5/35 levels left

rFire   + . .        w - +9 hand cannon (freeze)
rCold   + + .        s - +3 buckler {AC+3}
rNeg    . . .        W - +3 leather armour {rC+ rF+}
rPois   +            A - +2 helmet {Int+3}
rElec   .            Y - +2 cloak {rPois}
rCorr   +            i - +2 pair of gloves
SInv    +            L - +2 pair of boots
Will    +++..        D - amulet of the Heavens {Acrobat MP+9 Str+4 SInv}
Stlth   ++           C - ring of Curo {Fly Will+ rCorr SInv Stlth-}
HPRegen 0.57/turn    e - ring of Rosodov {rC+ rCorr EV+5 Dex+4}
MPRegen 0.30/turn

%: acrobat
@: flying, studying Necromancy
A: high MP 1, forlorn, divine attributes, deterioration 2, mutation resistance
1, weak 1
0: Orb of Zot
}: 3/15 runes: decaying, serpentine, slimy
a: no special abilities


You escaped.
You visited 11 branches of the dungeon, and saw 52 of its levels.
You also visited: Ice Cave.

You collected 7009 gold pieces.
You spent 6266 gold pieces at shops.

Inventory:

Hand Weapons
 f - the +9 sling of the Freezing Owl {flame, *Corrode rPois rF++ Dex+3}
   (You bought it in a shop on level 10 of the Dungeon)

   Dex+3:     It affects your dexterity (+3).
   rF++:      It greatly protects you from fire.
   rPois:     It protects you from poison *Corrode: It may corrode you when you
   take damage.
 w - a +9 hand cannon of freezing (weapon)
 Z - the +10 morningstar "Eos" {elec, Halo rElec}
   (You found it on level 1 of the Depths)

   Halo:      It grants its wielder a halo, revealing invisible creatures and
   increasing accuracy against all within it other than the wielder.
   rElec:     It insulates you from electricity.
Missiles
 F - 7 curare-tipped darts (quivered)
 S - 2 throwing nets {!f}
Armour
 i - a +2 pair of gloves (worn)
 s - a +3 buckler of protection (worn)
 v - a +2 robe of willpower
 A - a +2 helmet of intelligence (worn)
 L - a +2 pair of boots (worn)
 W - a +3 leather armour of resistance (worn)
 Y - a +2 cloak of poison resistance (worn)
Jewellery
 a - the ring of the Hare {EV+10, =R}
   (You bought it in a shop on level 2 of the Vaults)

   [ring of evasion]

   EV+10:     It affects your evasion (+10).
 e - the ring of Rosodov (right hand) {rC+ rCorr EV+5 Dex+4}
   (You found it on level 5 of the Pits of Slime)

   [ring of evasion]

   EV+5:      It affects your evasion (+5).
   Dex+4:     It affects your dexterity (+4).
   rC+:       It protects you from cold.
   rCorr:     It protects you from acid and corrosion.
 o - an amulet of reflection
 u - the ring of Moloumud {Wiz rPois rN+ Str+3 Stlth-}
   (You found it on level 2 of the Swamp)

   [ring of wizardry]

   Wiz:       It improves your spell success rate.
   Str+3:     It affects your strength (+3).
   rPois:     It protects you from poison rN+: It protects you from negative
   energy.
   Stlth-:    It makes you less stealthy.
 C - the ring of Curo (left hand) {Fly Will+ rCorr SInv Stlth-}
   (You acquired it on level 2 of the Realm of Zot)

   [ring of willpower]

   Will+:     It increases your willpower.
   SInv:      It lets you see invisible.
   Fly:       It grants you flight.
   rCorr:     It protects you from acid and corrosion.
   Stlth-:    It makes you less stealthy.
 D - the amulet of the Heavens (around neck) {Acrobat MP+9 Str+4 SInv}
   (You found it on level 4 of the Vaults)

   [amulet of the acrobat]

   Acrobat:   It increases your evasion while moving and waiting.
   Str+4:     It affects your strength (+4).
   MP+9:      It affects your magic capacity (+9).
   SInv:      It lets you see invisible.
 U - a ring of protection from fire
Wands
 b - a wand of iceblast (32)
 c - a wand of acid (2)
 d - a wand of digging (3)
 m - a wand of polymorph (18)
 n - a wand of charming (21)
 z - a wand of mindburst (20)
Scrolls
 h - 10 scrolls of teleportation {@r3}
 j - 18 scrolls of vulnerability
 r - 2 scrolls of summoning
 y - 7 scrolls of fog {@r2}
 E - 3 scrolls of immolation
 K - a scroll of butterflies {@r6}
 N - 8 scrolls of poison
 P - 3 scrolls of fear {@r4}
 Q - 2 scrolls of blinking {@r5}
 R - 2 scrolls of silence
Potions
 g - 5 potions of mutation {@q7}
 k - 5 potions of cancellation
 l - 8 potions of brilliance {@q5}
 p - 5 potions of berserk rage
 q - 3 potions of heal wounds {@q2}
 t - 16 potions of curing {@q1}
 x - 5 potions of lignification
 I - 2 potions of ambrosia
 J - 2 potions of enlightenment {@q6}
 M - 6 potions of magic
 O - 2 potions of haste {@q4}
 T - 2 potions of invisibility
Miscellaneous
 B - a phantom mirror
 V - a lightning rod (4/4)
 X - a box of beasts


   Skills:
 + Level 19.7 Fighting
 - Level 20.0 Ranged Weapons
 - Level 11.0 Armour
 + Level 15.9 Dodging
 - Level 8.0 Stealth
 - Level 11.4 Shields
 - Level 6.0 Spellcasting
 - Level 8.0 Conjurations
 - Level 10.0 Hexes
 - Level 10.0 Summonings
 - Level 10.0 Translocations
 - Level 8.0 Air Magic
 - Level 6.0 Earth Magic
 + Level 17.0 Evocations


You had 5 spell levels left.
You knew the following spells:

 Your Spells              Type           Power      Damage    Failure   Level
a - Cause Fear            Hex            28%        N/A       1%          4
b - Dimensional Bullseye  Hex/Tloc       28%        N/A       1%          4
c - Summon Mana Viper     Hex/Summ       56%        N/A       4%          5
g - Passwall              Erth           39%        N/A       2%          3
h - Swiftness             Air            49%        N/A       1%          3
i - Iskenderun's Mystic   Conj/Tloc      53%        2d11      2%          4
t - Blink                 Tloc           100%       N/A       1%          2
x - Summon Lightning Spi  Summ/Air       53%        N/A       2%          4
z - Apportation           Tloc           100%       N/A       1%          1

Your spell library contained the following spells:

 Spells                   Type           Power      Damage    Failure   Level
 Foxfire                  Conj/Fire      100%       2x1d9     1%          1
 Kiss of Death            Conj/Necr      100%       2d13      1%          1
 Magic Dart               Conj           100%       1d8       1%          1
 Sandblast                Erth           78%        2d17      1%          1
 Shock                    Conj/Air       100%       1d9       1%          1
 Sting                    Conj/Alch      100%       1d9       1%          1
 Summon Small Mammal      Summ           100%       N/A       1%          1
 Call Imp                 Summ           100%       N/A       1%          2
 Ensorcelled Hibernation  Hex/Ice        66%        N/A       1%          2
 Jinxbite                 Hex            100%       N/A       1%          2
 Lesser Beckoning         Tloc           100%       N/A       1%          2
 Searing Ray              Conj           98%        2d8       1%          2
 Static Discharge         Conj/Air       98%        3-8/arc   1%          2
 Call Canine Familiar     Summ           56%        N/A       1%          3
 Confusing Touch          Hex            56%        N/A       1%          3
 Dazzling Flash           Conj/Hex       100%       N/A       1%          3
 Gell's Gravitas          Tloc           56%        N/A       1%          3
 Stone Arrow              Conj/Erth      88%        3d12      1%          3
 Teleport Other           Tloc           56%        N/A       1%          3
 Tukima's Dance           Hex            56%        N/A       1%          3
 Vhi's Electric Charge    Tloc/Air       100%       N/A       2%          4
 Mercury Vapours          Alch/Air       56%        N/A       3%          2
 Mephitic Cloud           Conj/Alch/Air  35%        N/A       3%          3
 Summon Ice Beast         Ice/Summ       33%        N/A       3%          3
 Volatile Blastmotes      Fire/Tloc      66%        2d15      3%          3
 Airstrike                Air            24%        2d(4-20)  3%          4
 Animate Armour           Summ/Erth      98%        N/A       3%          4
 Summon Forest            Summ/Tloc      28%        N/A       4%          5
 Brom's Barrelling Bould  Conj/Erth      44%        2d6       5%          4
 Hailstorm                Conj/Ice       28%        3d8       6%          3
 Silence                  Hex/Air        26%        N/A       7%          5
 Freeze                   Ice            28%        1d5       10%         1
 Necrotise                Necr           28%        1d5       10%         1
 Arcjolt                  Conj/Air       24%        1d34      11%         5
 Iskenderun's Battlesphe  Conj           49%        2d10      11%         5
 Anguish                  Hex/Necr       16%        N/A       13%         4
 Summon Blazeheart Golem  Fire/Summ      33%        N/A       13%         4
 Scorch                   Fire           14%        2d5       16%         2
 Sublimation of Blood     Necr           7%         N/A       16%         2
 Flame Wave               Conj/Fire      28%        2d9       19%         4
 Fulminant Prism          Conj/Alch      14%        3d8       19%         4
 Lee's Rapid Deconstruct  Erth           19%        3d11*     24%         5
 Leda's Liquefaction      Alch/Erth      11%        N/A       28%         4
 Petrify                  Alch/Erth      23%        N/A       28%         4
 Frozen Ramparts          Ice            14%        1d3       30%         3
 Fugue of the Fallen      Necr           7%         N/A       30%         3
 Metabolic Englaciation   Hex/Ice        16%        N/A       34%         5
 Yara's Violent Unravell  Hex/Alch       16%        3d8       34%         5
 Fireball                 Conj/Fire      14%        3d8       47%         5
 Irradiate                Conj/Alch      14%        3d16      47%         5
 Borgnjor's Vile Clutch   Necr/Erth      11%        N/A       63%         5
 Animate Dead             Necr           7%         N/A       69%         4
 Dispel Undead            Necr           7%         3d8       69%         4
 Ignite Poison            Fire/Alch      7%         N/A       69%         4
 Olgreb's Toxic Radiance  Alch           7%         N/A       69%         4
 Sticky Flame             Fire/Alch      7%         2d4       69%         4
 Curse of Agony           Necr           7%         N/A       95%         5
 Summon Cactus Giant      Summ           28%        N/A       26%         6
 Conjure Ball Lightning   Conj/Air       24%        3x3d7     50%         6
 Bombard                  Conj/Erth      22%        9d4       65%         6
 Enfeeble                 Hex            28%        N/A       80%         7
 Monstrous Menagerie      Summ           28%        N/A       80%         7
 Summon Hydra             Summ           28%        N/A       80%         7
 Spellforged Servitor     Conj/Summ      26%        N/A       91%         7
 Plasma Beam              Fire/Air       14%        2x1d25    96%         6
 Starburst                Conj/Fire      14%        6d6       96%         6
 Orb of Destruction       Conj           24%        9d9       97%         7
 Death Channel            Necr           3%         N/A       100%        6
 Eringya's Noxious Bog    Alch           3%         4d6       100%        6
 Sculpt Simulacrum        Ice/Alch       3%         N/A       100%        6
 Haunt                    Necr/Summ      16%        N/A       100%        7
 Borgnjor's Revivificati  Necr           3%         N/A       100%        8
 Ignition                 Fire           3%         3d4       100%        8
 Infestation              Necr           3%         N/A       100%        8
 Lehudib's Crystal Spear  Conj/Erth      22%        10d6      100%        8
 Maxwell's Capacitive Co  Air            24%        ∞         100%        8
 Chain Lightning          Conj/Air       24%        3d32      100%        9
 Death's Door             Necr           3%         N/A       100%        9
 Dragon's Call            Summ           28%        N/A       100%        9
 Fire Storm               Conj/Fire      14%        8d4       100%        9
 Polar Vortex             Ice            3%         N/A       100%        9
 Shatter                  Erth           19%        3d18*     100%        9


Dungeon Overview and Level Annotations

Branches:
Dungeon (15/15)            Temple (1/1) D:4            Lair (5/5) D:9
  Swamp (4/4) Lair:2        Snake (4/4) Lair:2        Slime (5/5) Lair:4
    Orc (2/2) D:10            Elf (3/3) Orc:2        Vaults (4/5) D:13
  Crypt (0/3) Vaults:2     Depths (4/4) D:15            Zot (5/5) Depths:4
  IceCv (visited)

Shops:
D:8 *   D:10 (   Orc:2 =[(*   Elf:3 *   Snake:2 (   Snake:3 :   Snake:4 [
Vaults:2 =   Depths:1 *:

Portals:
Hell: Depths:1 Depths:2 Depths:3 Depths:4
Abyss: Depths:3 Depths:4
Pandemonium: Depths:2 Depths:3
Ziggurat: Depths:1

Annotations:
Elf:2 3 runed translucent doors
Zot:3 4 transporters


Innate Abilities, Weirdness & Mutations

You have an increased reservoir of magic. (+10% MP)
You shall have no god before yourself.
Your divine heritage dramatically boosts your attributes as you level up.
Your body often deteriorates upon taking damage.
You are somewhat resistant to further mutation.
You are weak. (Str -2)


Message History

You erupt in a blast of force!
The mystic blast hits the Orb Guardian but does no damage.
The Orb Guardian is moderately wounded.
You block the Orb Guardian's attack.
You shoot a bolt.
The bolt barely misses the Orb Guardian.
The Orb Guardian completely misses you. You block the Orb Guardian's attack.
You shoot a bolt. The bolt hits the Orb Guardian!!
The bolt freezes the Orb Guardian.
The Orb Guardian is severely wounded.
The Orb Guardian completely misses you.
You shoot a bolt. The bolt hits the Orb Guardian!
The bolt freezes the Orb Guardian.
The Orb Guardian is severely wounded.
The Orb Guardian hits you!
You shoot a bolt. The bolt hits the Orb Guardian!!!
The bolt freezes the Orb Guardian!
You kill the Orb Guardian!
You fly upwards.
There is a stone staircase leading down here.
A Tzitzimitl comes into view.
Blink to where?
Press: ? - help, Dir - move target
As you read the scroll of blinking {@r5}, it crumbles to dust.
Blink to where?
Press: ? - help, Dir - move target
As you read the scroll of blinking {@r5}, it crumbles to dust.
There is a stone staircase leading up here.
HP restored.
Things that are here:
4 stones; a +0 club
There is a stone staircase leading up here.
You fly upwards.
There is a stone staircase leading down here.
Magic restored.
A chaos spawn and a red devil come into view.
The chaos spawn moves out of view.
There is an open door here.
There is a staircase leading out of the dungeon here.
You have escaped!

.P.# #...#
#................ ####
#...# ###..###......###
...# #..4#
##.#........'.. ...#
#...# #.#(#......##.
.P.# ##.##
#.#.#......##. ...## #.#
########.#.#......##.
..#.# #.#
#.....##.###.......#.
..### #.#
#.....##.....###.#.#.
..## #.#
#.##@.##.........#.#.
##.# #4#
#.....##......####.##
#### #.# #.....##......#
#.# .# #.#
#'######......####.# ##
#.###.######...........#
#.#.4..#...###..>......#
#.#....#...# #.#.......#
#......#.8.###.#.......#
#......'(..#...........#


You could see a red devil.

Vanquished Creatures
  the Royal Jelly (Slime:5)
  3 dread liches
  The ghost of Fisukaem the Sorcerer, a master HuWn of Vehumet (Zot:1)
  3 orbs of fire
  7 ancient liches
  Mennas (Vaults:3)
  Xtahua (Depths:4)
  Bai Suzhen (Snake:3)
  8 Killer Klowns
  Saint Roka (Snake:4)
  8 caustic shrikes
  A pandemonium lord (Depths:4)
  7 golden dragons
  Nikola (Snake:2)
  The ghost of Wuemn the Axe Maniac, an adept MiFi of Makhleb (Vaults:1)
  Norris (Elf:1)
  A bone dragon (Depths:4)
  3 electric golems
  15 tentacled monstrosities
  25 Orb Guardians
  2 deep elf blademasters (Elf:3)
  5 liches
  A deep elf master archer (Elf:3)
  4 quicksilver dragons
  22 acid blobs
  The ghost of Pohotif the Warrior, an adept MiFi of Okawaru (Depths:4)
  4 sphinxes
  Frances (Snake:1)
  5 death cobs
  2 thorn hunters
  5 shadow dragons
  The ghost of Tulador the Executioner, an adept HOFi of Beogh (Depths:1)
  15 storm dragons
  The ghost of alja1234 the Thaumaturge, an adept GnEE of Vehumet (Swamp:2)
  Donald (Orc:2)
  9 draconian monks
  10 rockslimes
  3 draconian knights
  5 nagarajas
  6 azure jellies
  7 fire giants
  Aizul (Snake:1)
  4 protean progenitors
  5 deep elf sorcerers (Elf:3)
  6 vault wardens
  An iron dragon (Depths:1)
  2 draconian scorchers (Zot:3)
  6 frost giants
  A balrug (Depths:2)
  4 ghost moths
  8 draconian shifters
  8 deep elf elementalists (Elf:3)
  10 formless jellyfish
  11 ironbound preservers
  6 ironbound thunderhulks
  A cacodemon (D:9)
  3 draconian annihilators
  A reaper (IceCv)
  3 orc warlords
  3 draconian stormcallers (Zot:3)
  14 very ugly things
  20 stone giants
  11 quicksilver oozes
  A spriggan defender (Depths:2)
  10 green draconians
  3 vampire knights
  3 deep elf death magi
  8 yellow draconians
  6 deep elf demonologists
  4 bunyips
  3 deep elf annihilators (Elf:3)
  4 eleionomae
  A lorocyproca (D:5)
  2 war gargoyles (Vaults:1)
  15 dire elephants
  9 black draconians
  17 white draconians
  3 spark wasps
  9 red draconians
  7 purple draconians
  10 ettins
  2 green deaths
  A blizzard demon (Zot:3)
  13 crystal guardians
  2 entropy weavers
  7 yaktaur captains
  A shambling mangrove (Swamp:4)
  2 deep elf high priests (Elf:3)
  A spectral fenstrider witch (Swamp:2)
  7 fire dragons
  A spectral tengu (Depths:4)
  4 rakshasas
  13 great orbs of eyes
  A catoblepas (D:13)
  3 salamander tyrants (Snake:4)
  4 vault guards
  9 centaur warriors
  Fannar (Lair:3)
  A ghost crab (Swamp:3)
  9 ice dragons
  A spriggan air mage (Depths:2)
  17 hydras
  2 peacekeepers (Vaults:1)
  A hell beast (D:15)
  4 alligators
  8 ironbound frosthearts
  17 dancing weapons
  A two-headed ogre (D:13)
  8 boulder beetles
  A death yak (Lair:1)
  2 radroaches (Depths:4)
  10 anacondas
  18 naga warriors
  8 tengu warriors
  4 deep troll shamans
  A satyr (Snake:4)
  7 deep troll earth magi
  A hell hog (Lair:5)
  2 orc high priests (Orc:2)
  5 spriggan berserkers
  5 shock serpents
  2 vampire magi
  18 naga sharpshooters
  4 occultists
  11 spriggans
  4 skeletal warriors
  5 skysharks
  A sun demon (Depths:2)
  A sixfirhy (D:9)
  A goliath frog (Swamp:2)
  10 deep elf knights
  6 salamander mystics
  4 spriggan druids
  2 flayed ghosts
  47 deep trolls
  10 iron trolls
  3 glowing orange brains
  A quicksilver dragon simulacrum (Depths:4)
  A spectral hydra (Swamp:2)
  An obsidian statue (Zot:1)
  An orange crystal statue (Depths:2)
  7 bog bodies
  7 arcanists
  15 mana vipers
  A shadow demon (Depths:3)
  8 deep elf archers
  7 swamp dragons
  14 lindwurms
  A large abomination (Depths:4)
  2 naga ritualists
  A phantasmal warrior (Vaults:3)
  10 orc knights
  24 deep elf zephyrmancers
  42 ugly things
  A sphinx simulacrum (Depths:4)
  17 ironbound convokers
  11 harpies
  29 deep elf pyromancers
  Maurice (D:7)
  2 will-o-the-wisps
  6 shining eyes
  3 orc sorcerers (Orc:2)
  4 cyclopes
  An oklob plant (Lair:5)
  A faun (Snake:4)
  A cyclops (shapeshifter) (Depths:2)
  2 spectral spriggans
  29 salamanders
  8 elephants
  4 manticores
  16 moths of wrath
  A kobold blastminer (Orc:2)
  12 naga magi
  A torpor snail (shapeshifter) (Vaults:4)
  4 guardian serpents
  19 vault sentinels
  27 black mambas
  A titan simulacrum (Depths:4)
  2 ice statues (IceCv)
  A rust devil (Depths:3)
  9 cane toads
  An eye of devastation (Slime:1)
  A gargoyle (D:11)
  A smoke demon (Depths:3)
  Jeremiah (D:8)
  An efreet (D:11)
  A torpor snail (Lair:5)
  An unseen horror (D:12)
  11 komodo dragons
  A tormentor (Depths:4)
  16 yaktaurs
  An anaconda simulacrum (IceCv)
  7 ice devils (IceCv)
  7 rime drakes
  A bloated husk (Swamp:4)
  A merfolk (shapeshifter) (Elf:3)
  2 tengu conjurers
  7 trolls
  A red devil (D:5)
  A troll (shapeshifter) (D:13)
  10 tyrant leeches
  A spectral glowing shapeshifter (Depths:4)
  14 polar bears
  A polar bear (shapeshifter) (D:13)
  An iron dragon simulacrum (Depths:4)
  23 blink frogs
  12 hornets
  6 dream sheep
  A tengu simulacrum (Depths:4)
  4 glass eyes
  4 raiju (Lair:5)
  A culicivora (Vaults:2)
  130 slime creatures
  A dire elephant simulacrum (IceCv)
  5 water elementals
  2 air elementals (Elf:1)
  2 shadows
  2 wyverns
  A vampire (D:12)
  38 yaks
  A ynoxinul (Depths:2)
  10 wargs
  2 wraiths
  5 basilisks
  2 fire elementals (Elf:2)
  3 redbacks
  3 golden eyes (Slime:5)
  2 death yak simulacra (IceCv)
  21 vampire mosquitoes
  10 steam dragons
  15 swamp worms
  A harpy simulacrum (IceCv)
  A chaos spawn (Depths:4)
  41 nagas
  4 acid dragons
  3 hydra simulacra
  13 hell hounds (Lair:5)
  A nameless horror (Zot:5)
  14 water moccasins
  12 swamp drakes
  Pargi (D:3)
  2 laughing skulls (D:15)
  24 orc warriors
  3 sky beasts
  2 ice beasts
  16 black bears
  8 boggarts
  4 ogres
  17 wolves
  5 centaurs
  5 kobold brigands
  Blork the orc (D:4)
  5 earth elementals
  15 bullfrogs
  A two-headed ogre simulacrum (IceCv)
  A cane toad simulacrum (IceCv)
  6 scorpions
  9 wights
  8 killer bees
  3 howler monkeys (D:8)
  10 electric eels
  2 bombardier beetles
  7 hounds
  10 orc priests
  A sleepcap (D:7)
  7 iguanas
  A gnoll bouda (D:10)
  22 orc wizards
  A spriggan simulacrum (IceCv)
  A polar bear simulacrum (IceCv)
  A hell rat (Lair:1)
  A wolf simulacrum (IceCv)
  4 gnolls (D:10)
  7 adders
  5 naga simulacra (IceCv)
  3 shadow imps
  12 white imps
  7 ufetubi
  A dart slug (D:3)
  2 ribbon worms
  71 orcs
  6 endoplasms
  11 goblins
  6 hobgoblins
  8 jackals
  14 kobolds
  4 quokkas
  5 ball pythons
  3 bats
  2 frilled lizards
  4 rats
1995 creatures vanquished.

Vanquished Creatures (collateral kills)
  4 ancient liches
  An orb of fire (Zot:5)
  A caustic shrike (Depths:4)
  An Orb Guardian (Zot:5)
  An acid blob (Slime:5)
  A fire giant (Depths:3)
  A deep elf elementalist (Elf:3)
  2 deep elf sorcerers (Elf:3)
  A draconian stormcaller (Zot:3)
  A spriggan defender (Depths:3)
  A deep elf annihilator (Elf:3)
  A spark wasp (Depths:3)
  A blizzard demon (Zot:3)
  A spectral shadow dragon (Depths:4)
  A hydra (Lair:4)
  An anaconda (Snake:1)
  A naga warrior (Snake:1)
  A deep troll earth mage (Depths:3)
  A phantasmal warrior (Vaults:2)
  A naga ritualist (Snake:1)
  A shining eye (Slime:5)
  An ugly thing (Vaults:3)
  4 black mambas (Snake:1)
  An elephant (Lair:1)
  A vault sentinel (Vaults:3)
  A komodo dragon (Lair:1)
  A hornet (Swamp:4)
  4 slime creatures
  A vampire mosquito (D:10)
  5 nagas (Snake:1)
  A swamp drake (Swamp:4)
  A nameless horror (Zot:1)
  A killer bee (D:7)
47 creatures vanquished.

Vanquished Creatures (others)
  A lich (Vaults:1)
  A draconian knight (Zot:3)
  A draconian scorcher (Zot:3)
  A spectral spriggan (Depths:4)
  A caustic shrike simulacrum (Depths:4)
  A shock serpent (Snake:1)
  A polar bear (Lair:1)
  A wyvern (D:9)
  2 wights (D:9)
  2 killer bees (D:7)
  An electric eel (D:9)
  A butterfly (Depths:3)
  10 foxfires
24 creatures vanquished.

Grand Total: 2066 creatures vanquished

Notes
Turn   | Place    | Note
-------+----------+-------------------------------------------
     0 | D:1      | PaperRat the Demigod Hunter began the quest for the Orb.
     0 | D:1      | Reached XP level 1. HP: 17/17 MP: 3/3
    85 | D:1      | Reached skill level 1 in Stealth
   216 | D:1      | Reached XP level 2. HP: 18/24 MP: 4/4
   552 | D:1      | You fall into a shaft and drop 1 floor!
   654 | D:2      | Reached skill level 4 in Ranged Weapons
  1223 | D:2      | Reached XP level 3. HP: 29/29 MP: 5/5
  1539 | D:3      | Noticed Pargi
  1797 | D:3      | Reached skill level 5 in Ranged Weapons
  1797 | D:3      | Reached XP level 4. HP: 30/36 MP: 6/6
  2840 | D:4      | Found a staircase to the Ecumenical Temple.
  2849 | Temple   | Entered the Ecumenical Temple
  2970 | D:4      | Reached XP level 5. HP: 25/42 MP: 7/7
  3316 | D:4      | Noticed Blork the orc
  3325 | D:4      | Killed Blork the orc
  3558 | D:3      | Killed Pargi
  3559 | D:3      | Reached skill level 6 in Ranged Weapons
  3559 | D:3      | Reached XP level 6. HP: 35/51 MP: 8/8
  3628 | D:5      | Entered Level 5 of the Dungeon
  4364 | D:6      | Reached skill level 7 in Ranged Weapons
  4364 | D:6      | Reached XP level 7. HP: 57/57 MP: 9/9
  4423 | D:6      | Reached skill level 1 in Evocations
  4625 | D:6      | Noticed a steam dragon
  4644 | D:6      | Killed a steam dragon
  4891 | D:6      | Reached skill level 8 in Ranged Weapons
  4936 | D:6      | Reached XP level 8. HP: 48/66 MP: 10/10
  5389 | D:7      | Noticed Maurice
  5899 | D:7      | Reached skill level 5 in Fighting
  6579 | D:7      | Reached skill level 9 in Ranged Weapons
  6733 | D:7      | Reached XP level 9. HP: 66/75 MP: 11/11
  7068 | D:7      | Learned a level 1 spell: Summon Small Mammal
  7159 | D:8      | Reached skill level 1 in Summonings
  7315 | D:8      | Reached skill level 10 in Ranged Weapons
  7373 | D:8      | Found Qapes's General Store.
  7383 | D:8      | Bought a scroll of identify for 32 gold pieces
  7725 | D:8      | Noticed Jeremiah
  7751 | D:8      | Killed Jeremiah
  7752 | D:8      | Reached skill level 11 in Ranged Weapons
  8100 | D:9      | Reached XP level 10. HP: 68/81 MP: 13/13
  8180 | D:8      | Reached skill level 1 in Spellcasting
  8345 | D:9      | Noticed a skeletal warrior
  8702 | D:9      | Found a staircase to the Lair.
  8725 | D:9      | Identified the +0 leather armour of Beulawn {Harm ^Drain
                  | rF++ Dex+4}
  9430 | D:10     | Entered Level 10 of the Dungeon
  9473 | D:10     | Reached skill level 5 in Dodging
 10184 | D:10     | Found Onaett's Antique Weapon Shop.
 10188 | D:10     | Bought a pitted sling for 188 gold pieces
 10188 | D:10     | Identified the +9 sling of the Freezing Owl {flame,
                  | *Corrode rPois rF++ Dex+3} (You bought it in a shop on
                  | level 10 of the Dungeon)
 10338 | D:10     | Found a staircase to the Orcish Mines.
 10838 | D:9      | Killed a skeletal warrior
 10839 | D:9      | Reached skill level 12 in Ranged Weapons
 10902 | Lair:1   | Entered Level 1 of the Lair of Beasts
 10902 | Lair:1   | Noticed a black mamba
 10906 | Lair:1   | Killed a black mamba
 11040 | Lair:1   | Reached XP level 11. HP: 92/92 MP: 17/17
 11125 | Lair:1   | Noticed a dire elephant
 11167 | Lair:1   | Reached skill level 13 in Ranged Weapons
 11551 | Lair:1   | Learned a level 4 spell: Iskenderun's Mystic Blast
 11607 | Lair:1   | Killed a dire elephant
 11608 | Lair:1   | Reached skill level 1 in Armour
 11840 | Lair:1   | Noticed a death yak
 11853 | Lair:1   | Killed a death yak
 12163 | Lair:1   | Noticed an anaconda
 12190 | Lair:1   | Killed an anaconda
 12510 | Lair:1   | Reached skill level 14 in Ranged Weapons
 12612 | Lair:2   | Reached XP level 12. HP: 86/101 MP: 18/18
 12658 | Lair:2   | Learned a level 4 spell: Dimensional Bullseye
 13119 | Lair:2   | Reached skill level 5 in Evocations
 13140 | Lair:2   | Found a staircase to the Snake Pit.
 13637 | Lair:2   | Found a staircase to the Swamp.
 13643 | Lair:2   | Reached skill level 5 in Armour
 14042 | Lair:3   | Noticed Fannar
 14055 | Lair:3   | Killed Fannar
 14056 | Lair:3   | Reached skill level 15 in Ranged Weapons
 15167 | D:8      | Bought a phantom mirror for 640 gold pieces
 15250 | D:7      | Killed Maurice
 15462 | Lair:4   | Noticed an eight-headed hydra
 15468 | Lair:4   | Killed an eight-headed hydra
 15616 | Lair:4   | Reached skill level 16 in Ranged Weapons
 15630 | Lair:4   | Reached XP level 13. HP: 107/107 MP: 19/19
 15880 | Lair:4   | Learned a level 4 spell: Cause Fear
 15922 | Lair:4   | Found a staircase to the Slime Pits.
 16763 | Lair:5   | Entered Level 5 of the Lair of Beasts
 17376 | Lair:5   | Reached skill level 17 in Ranged Weapons
 17950 | Lair:5   | Reached skill level 10 in Fighting
 18085 | Lair:5   | Identified the +1 swamp dragon scales "Ycvet" {rPois
                  | Regen+}
 18488 | Lair:5   | Identified the maw talisman of Spite {rF+ Will+}
 18972 | Orc:1    | Entered Level 1 of the Orcish Mines
 19083 | Orc:1    | Found Soucodd's Magic Scroll Shoppe.
 19091 | Orc:1    | Bought a scroll of identify for 24 gold pieces
 19091 | Orc:1    | Bought a scroll of identify for 24 gold pieces
 19091 | Orc:1    | Bought a scroll of enchant weapon for 90 gold pieces
 19091 | Orc:1    | Bought a scroll of enchant armour for 90 gold pieces
 19091 | Orc:1    | Bought a scroll of blinking for 90 gold pieces
 19091 | Orc:1    | Bought a scroll of enchant weapon for 90 gold pieces
 19169 | Orc:1    | Found a frozen archway.
 19224 | IceCv    | Entered an ice cave
 19303 | IceCv    | Reached XP level 14. HP: 121/121 MP: 20/20
 19682 | IceCv    | Noticed a reaper
 19699 | IceCv    | Killed a reaper
 20292 | Orc:2    | Entered Level 2 of the Orcish Mines
 20300 | Orc:2    | Reached skill level 18 in Ranged Weapons
 20560 | Orc:2    | Found Verhiokh's General Store.
 20586 | Orc:2    | Found Tuptot's Antique Weapon Boutique.
 20747 | Orc:2    | Noticed an orc warlord
 20774 | Orc:2    | Killed an orc warlord
 21051 | Orc:2    | Found a staircase to the Elven Halls.
 21062 | Orc:2    | Reached skill level 5 in Stealth
 21069 | Orc:2    | Noticed Donald
 21100 | Orc:2    | Killed Donald
 21163 | Orc:2    | Found Zichur's Antique Armour Shop.
 21298 | Orc:2    | Found Fourr's Jewellery Shop.
 21480 | Orc:2    | Bought a potion of invisibility for 88 gold pieces
 21480 | Orc:2    | Bought a scroll of identify for 22 gold pieces
 21506 | Orc:2    | Bought a shiny helmet for 187 gold pieces
 21556 | Orc:1    | Bought a scroll of revelation for 90 gold pieces
 24054 | D:13     | Found a gate to the Vaults.
 24054 | D:13     | Noticed an ironbound preserver
 24092 | D:13     | Killed an ironbound preserver
 24892 | D:14     | Identified the +5 long sword of Conscience {protect, SInv}
 25093 | D:14     | Reached XP level 15. HP: 121/130 MP: 22/22
 25413 | D:15     | Entered Level 15 of the Dungeon
 25438 | D:15     | Reached skill level 1 in Conjurations
 25438 | D:15     | Reached skill level 1 in Translocations
 25449 | D:15     | Reached skill level 1 in Hexes
 25693 | D:15     | Found a staircase to the Depths.
 26326 | Snake:1  | Entered Level 1 of the Snake Pit
 26349 | Snake:1  | Reached skill level 1 in Shields
 26480 | Snake:1  | Identified the +1 robe of Resonance {rC+ SInv}
 26734 | Snake:1  | Noticed Frances
 26773 | Snake:1  | Killed Frances
 26852 | Snake:1  | Identified the serpent talisman of Uxtix {*Slow Int+5}
 26852 | Snake:1  | Noticed Aizul
 26868 | Snake:1  | Killed Aizul
 27172 | Snake:2  | Found Etawaci's Antique Weapon Shoppe.
 27177 | Snake:2  | Noticed a nagaraja
 27223 | Snake:2  | Noticed Nikola
 27250 | Snake:2  | Killed Nikola
 27438 | Snake:2  | Killed a nagaraja
 28149 | Snake:2  | Reached XP level 16. HP: 139/139 MP: 26/26
 28188 | Snake:2  | Reached skill level 5 in Shields
 28840 | Snake:3  | Reached skill level 10 in Armour
 29383 | Snake:3  | Identified the blade talisman of Sif Muna's Castigation
                  | {rN+ Int+3 Slay+3}
 29396 | Snake:3  | Found Syroecly's Tremendous Tomes.
 29469 | Snake:4  | Entered Level 4 of the Snake Pit
 29479 | Snake:4  | Noticed Bai Suzhen
 29542 | Snake:3  | Killed Bai Suzhen
 29692 | Snake:4  | Found Pugg's Antique Armour Emporium.
 29699 | Snake:4  | Bought a faintly humming ring mail for 189 gold pieces
 29699 | Snake:4  | Identified the +5 ring mail of Inference {Fly} (You bought
                  | it in a shop on level 4 of the Snake Pit)
 29937 | Snake:4  | Reached skill level 5 in Conjurations
 29971 | Snake:4  | Reached skill level 5 in Hexes
 29971 | Snake:4  | Reached skill level 5 in Translocations
 30006 | Snake:4  | Noticed Saint Roka
 30039 | Snake:4  | Killed Saint Roka
 31143 | Snake:4  | Got a serpentine rune of Zot
 31325 | Swamp:1  | Entered Level 1 of the Swamp
 31422 | Swamp:1  | Reached XP level 17. HP: 146/148 MP: 27/27
 31663 | Swamp:2  | Identified the +6 scale mail of the Pink Corner {rN++ MP-9}
 31679 | Swamp:2  | Noticed alja1234's ghost (adept GnEE)
 31773 | Swamp:2  | Found a transporter.
 31778 | Swamp:2  | Found a transporter.
 32361 | Swamp:2  | Killed alja1234's ghost
 32396 | Swamp:2  | Identified the ring of Moloumud {Wiz rPois rN+ Str+3
                  | Stlth-}
 33199 | Swamp:3  | Learned a level 4 spell: Summon Lightning Spire
 33203 | Swamp:3  | Learned a level 3 spell: Swiftness
 33708 | Swamp:4  | Entered Level 4 of the Swamp
 34268 | Orc:1    | Bought a scroll of revelation for 90 gold pieces
 34268 | Orc:1    | Bought a scroll of vulnerability for 48 gold pieces
 34268 | Orc:1    | Bought a scroll of teleportation for 36 gold pieces
 34762 | Swamp:4  | Got the Incunabulum of Iniquitous Acts
 34788 | Swamp:4  | Got a decaying rune of Zot
 34798 | Swamp:4  | Got the Codex of the Ill-fated Chill
 35160 | Vaults:1 | Entered Level 1 of the Vaults
 36497 | Vaults:1 | Found a runed translucent gate.
 36497 | Vaults:1 | Found a runed translucent gate.
 36497 | Vaults:1 | Noticed a lich
 36497 | Vaults:1 | Noticed a lich
 36498 | Vaults:1 | Found a runed translucent gate.
 36498 | Vaults:1 | Noticed Wuemn's ghost (adept MiFi)
 36498 | Vaults:1 | Noticed a lich
 36498 | Vaults:1 | Noticed an ancient lich
 36567 | Vaults:1 | Reached XP level 18. HP: 115/158 MP: 14/28
 37459 | Vaults:2 | Reached skill level 1 in Air Magic
 37855 | Vaults:2 | Found a staircase to the Crypt.
 38068 | Vaults:2 | Reached skill level 10 in Dodging
 38833 | Vaults:2 | Found Coxaig's Jewellery Emporium.
 39438 | Vaults:2 | Identified the +0 pair of boots of the Maze {Int+2}
 39789 | Vaults:3 | Noticed Mennas
 40082 | Vaults:3 | Killed Mennas
 40465 | Vaults:3 | Learned a level 5 spell: Silence
 40995 | Vaults:3 | Reached XP level 19. HP: 167/167 MP: 29/29
 41688 | Vaults:4 | Reached skill level 5 in Air Magic
 42127 | Vaults:4 | Identified the amulet of the Heavens {Acrobat MP+9 Str+4
                  | SInv}
 43054 | Vaults:4 | Reached skill level 10 in Translocations
 43149 | Vaults:4 | Reached skill level 10 in Hexes
 43756 | Vaults:1 | Killed Wuemn's ghost
 43757 | Vaults:1 | Reached skill level 10 in Shields
 43757 | Vaults:1 | Reached skill level 10 in Evocations
 43962 | Vaults:1 | Identified the amulet of the Shining Light {Acrobat rPois
                  | rF- rC- SInv}
 43967 | Vaults:1 | Identified the +1 helmet "Vugid" {rCorr Int+4}
 44413 | Vaults:1 | Killed an ancient lich
 45188 | Orc:2    | Bought a book of Beasts for 396 gold pieces
 45241 | Elf:1    | Entered Level 1 of the Elven Halls
 45752 | Elf:1    | Noticed Norris
 45775 | Elf:1    | Killed Norris
 47277 | Elf:2    | Reached skill level 5 in Spellcasting
 47677 | Elf:2    | Reached XP level 20. HP: 177/177 MP: 32/32
 47689 | Elf:2    | Learned a level 5 spell: Summon Mana Viper
 47730 | Elf:2    | Found a runed translucent gate.
 47736 | Elf:2    | Found a runed translucent gate.
 47737 | Elf:2    | Found a runed translucent gate.
 47841 | Elf:3    | Entered Level 3 of the Elven Halls
 47852 | Elf:3    | Found Hioc's General Store.
 47858 | Elf:3    | Bought a scroll of immolation for 68 gold pieces
 47858 | Elf:3    | Bought a scroll of teleportation for 51 gold pieces
 47858 | Elf:3    | Bought a wand of iceblast (5) for 204 gold pieces
 48229 | Elf:3    | Reached skill level 15 in Fighting
 48534 | Elf:3    | Reached skill level 5 in Summonings
 48956 | Elf:3    | Identified the ring "Devir" {*Slow rPois rF+ Stlth+}
 48957 | Elf:3    | Identified the ring of the Curious Princes {Fly rPois Str+6
                  | Dex-2 Stlth+}
 49242 | Elf:3    | Identified the +1 leather armour of the Taurataur {+Inv
                  | Regen+}
 49714 | Elf:3    | Found Hioc's General Store.
 50527 | Vaults:2 | Bought the ring of the Hare {EV+10} for 2048 gold pieces
 50527 | Vaults:2 | Found the ring of the Hare {EV+10}
 50673 | Depths:1 | Entered Level 1 of the Depths
 50674 | Depths:1 | Found Ebbymim's Book Shoppe.
 50678 | Depths:1 | Found Roddija's Assorted Antiques.
 51137 | Depths:1 | Found a gateway to Hell.
 51452 | Depths:1 | Found a one-way gateway to a ziggurat.
 51782 | Depths:1 | Found a runed translucent gate.
 51783 | Depths:1 | Found a runed translucent gate.
 51784 | Depths:1 | Found a runed translucent gate.
 51785 | Depths:1 | Noticed Tulador's ghost (adept HOFi)
 51785 | Depths:1 | Found the +10 morningstar "Eos" {elec, Halo rElec}
 52023 | Depths:1 | Bought a scroll of teleportation for 96 gold pieces
 52362 | Depths:1 | Identified the +0 pair of boots "Punisiec" {Int-5 Dex+5
                  | SInv}
 52421 | Depths:1 | Killed Tulador's ghost
 52508 | Depths:1 | Found a gateway to Hell.
 52585 | Depths:1 | Found Ebbymim's Book Shoppe.
 52592 | Depths:1 | Found Roddija's Assorted Antiques.
 52646 | Depths:1 | Found a one-way gateway to a ziggurat.
 53334 | Depths:1 | Found a gateway to Hell.
 53358 | Depths:1 | Found Ebbymim's Book Shoppe.
 53365 | Depths:1 | Found Roddija's Assorted Antiques.
 53418 | Depths:1 | Found a one-way gateway to a ziggurat.
 54319 | Depths:2 | Found a one-way gate leading to the halls of Pandemonium.
 54968 | Depths:2 | Reached XP level 21. HP: 187/187 MP: 28/33
 55505 | Depths:3 | Found a one-way gate to the infinite horrors of the Abyss.
 55626 | Depths:3 | You fall into a shaft and drop 1 floor!
 55626 | Depths:4 | Entered Level 4 of the Depths
 55626 | Depths:4 | Noticed a caustic shrike
 55627 | Depths:4 | Noticed a caustic shrike
 55627 | Depths:4 | Noticed a caustic shrike
 55627 | Depths:4 | Noticed a caustic shrike
 55645 | Depths:4 | Killed a caustic shrike
 55646 | Depths:4 | Killed a caustic shrike
 55652 | Depths:4 | Killed a caustic shrike
 55724 | Depths:4 | Killed a caustic shrike
 55738 | Depths:4 | Noticed Xtahua
 55756 | Depths:4 | Killed Xtahua
 55961 | Depths:4 | Found a runed translucent gate.
 55961 | Depths:4 | Found a runed translucent gate.
 55963 | Depths:4 | Found a runed translucent gate.
 55964 | Depths:4 | Noticed an ancient lich
 55964 | Depths:4 | Noticed an ancient lich
 55964 | Depths:4 | Noticed a caustic shrike
 57791 | Depths:4 | Noticed a caustic shrike
 57792 | Depths:4 | Noticed a caustic shrike
 57795 | Depths:4 | Noticed a caustic shrike
 57796 | Depths:4 | Killed a caustic shrike
 57804 | Depths:3 | Killed a caustic shrike
 57889 | Depths:4 | Noticed a caustic shrike
 57898 | Depths:3 | Killed a caustic shrike
 57933 | Depths:4 | Killed a caustic shrike
 57937 | Depths:4 | Killed a caustic shrike
 57938 | Depths:4 | Reached skill level 19 in Ranged Weapons
 58018 | Depths:4 | Noticed Pohotif's ghost (adept MiFi)
 58491 | Depths:4 | Killed an ancient lich
 58496 | Depths:4 | Killed Pohotif's ghost
 58498 | Depths:4 | Killed an ancient lich
 58628 | Depths:4 | Identified the +2 cloak of Damp New Discoveries {Str+2
                  | Int+3}
 59259 | Depths:1 | Bought a scroll of blinking for 240 gold pieces
 59263 | Depths:1 | Bought a book of Minor Magic for 224 gold pieces
 59266 | Depths:1 | Learned a level 1 spell: Apportation
 59269 | Depths:1 | Learned a level 2 spell: Blink
 59273 | Depths:1 | Learned a level 3 spell: Passwall
 59570 | Slime:1  | Entered Level 1 of the Pits of Slime
 59586 | Slime:1  | Paralysed by a formless jellyfish for 1 turns
 60265 | Slime:2  | Reached XP level 22. HP: 187/198 MP: 34/34
 60409 | Slime:2  | Gained mutation: Your body sometimes deteriorates upon
                  | taking damage. [a shining eye]
 61609 | Slime:4  | Gained mutation: Your body often deteriorates upon taking
                  | damage. [a shining eye]
 61979 | Slime:5  | Entered Level 5 of the Pits of Slime
 62169 | Slime:5  | Noticed the Royal Jelly
 62590 | Slime:5  | Gained mutation: You are weak. (Str -2) [a shining eye]
 63086 | Slime:5  | Killed the Royal Jelly
 63271 | Slime:5  | Got a slimy rune of Zot
 63296 | Slime:5  | Identified the +5 long sword of Disorder {heavy, rPois rF+
                  | SInv}
 63327 | Slime:5  | Identified the ring of Rosodov {rC+ rCorr EV+5 Dex+4}
 63352 | Slime:5  | Identified the ring "Guru" {rN+ Int+6}
 63583 | Slime:5  | Identified the ring of Duuf {Fire rCorr Str+3 Stlth+}
 63962 | Orc:2    | Bought a ring of protection from fire for 325 gold pieces
 64183 | Depths:1 | Bought a scroll of blinking for 240 gold pieces
 64776 | Depths:4 | Found a gate to the Realm of Zot.
 64881 | Zot:1    | Entered Level 1 of the Realm of Zot
 64882 | Zot:1    | Noticed Fisukaem's ghost (master HuWn)
 65270 | Zot:1    | Identified the +2 scimitar "Toacuemp" {flame, rC+ Int+2}
 66114 | Zot:1    | Found a runed translucent gate.
 66115 | Zot:1    | Found a runed translucent gate.
 66118 | Zot:1    | Found a runed translucent gate.
 66956 | Orc:2    | Bought a potion of mutation for 88 gold pieces
 67393 | Zot:2    | Noticed an orb of fire
 67409 | Zot:1    | Killed an orb of fire
 67485 | Zot:2    | Identified a scroll of acquirement
 67487 | Zot:2    | Acquired the ring of Curo {Fly Will+ rCorr SInv Stlth-}
 68430 | Zot:2    | Reached skill level 20 in Ranged Weapons
 68662 | Zot:2    | Reached XP level 23. HP: 209/209 MP: 35/35
 69333 | Zot:3    | Reached skill level 15 in Evocations
 69340 | Zot:3    | Reached skill level 1 in Earth Magic
 69718 | Zot:3    | You are sucked into a shaft and drop 1 floor!
 70410 | Zot:3    | Found a transporter.
 70411 | Zot:3    | Found a transporter.
 70415 | Zot:3    | Found a transporter.
 70693 | Zot:3    | Found a transporter.
 70956 | Zot:4    | Noticed a Killer Klown
 70957 | Zot:4    | Noticed a Killer Klown
 70959 | Zot:4    | Noticed a Killer Klown
 71349 | Zot:4    | Noticed an ancient lich
 71369 | Zot:4    | Killed a Killer Klown
 71371 | Zot:4    | Killed an ancient lich
 71721 | Zot:4    | Reached skill level 5 in Earth Magic
 71735 | Zot:4    | Killed a Killer Klown
 71776 | Zot:4    | Killed a Killer Klown
 72081 | Zot:4    | Identified the +8 dagger of the Jumping Messenger {speed,
                  | Fly rPois}
 73484 | Zot:5    | Entered Level 5 of the Realm of Zot
 74068 | Zot:5    | Noticed an ancient lich
 74074 | Zot:5    | Killed an ancient lich
 74405 | Zot:1    | Killed Fisukaem's ghost
 74619 | Depths:1 | Bought a wand of mindburst (6) for 268 gold pieces
 75597 | Zot:5    | Noticed a dread lich
 75609 | Zot:5    | Killed a dread lich
 75863 | Zot:5    | Noticed a Killer Klown
 75868 | Zot:5    | Noticed a Killer Klown
 75881 | Zot:5    | Killed a Killer Klown
 75890 | Zot:5    | Killed a Killer Klown
 75917 | Zot:5    | Reached skill level 15 in Dodging
 75920 | Zot:5    | Reached XP level 24. HP: 189/221 MP: 12/37
 75992 | Zot:5    | Noticed an ancient lich
 75998 | Zot:5    | Killed an ancient lich
 76540 | Zot:5    | Noticed an orb of fire
 76544 | Zot:5    | Noticed an orb of fire
 76546 | Zot:5    | Noticed a Killer Klown
 76732 | Zot:5    | Noticed an ancient lich
 76737 | Zot:5    | Gained mutation: You are somewhat resistant to further
                  | mutation. [an orb of fire]
 76739 | Zot:5    | Killed an orb of fire
 76740 | Zot:5    | Killed an ancient lich
 76752 | Zot:5    | Killed a Killer Klown
 76753 | Zot:5    | Noticed a dread lich
 76770 | Zot:5    | Killed an orb of fire
 77055 | Zot:4    | Killed a dread lich
 77390 | Zot:5    | Noticed a Killer Klown
 77405 | Zot:5    | Killed a Killer Klown
 77686 | Zot:5    | Noticed an ancient lich
 77694 | Zot:5    | Noticed an ancient lich
 77697 | Zot:5    | Killed an ancient lich
 77703 | Zot:5    | Killed an ancient lich
 77712 | Zot:5    | Noticed an ancient lich
 77725 | Zot:5    | Killed an ancient lich
 77835 | Zot:5    | Noticed a Killer Klown
 78100 | Zot:5    | Reached skill level 10 in Summonings
 78135 | Zot:5    | Noticed an orb of fire
 78148 | Zot:5    | Killed an orb of fire
 78153 | Zot:5    | Noticed an ancient lich
 78164 | Zot:5    | Killed an ancient lich
 78230 | Zot:5    | Noticed a dread lich
 78245 | Zot:5    | Killed a dread lich
 78575 | Zot:5    | Killed a Killer Klown
 80032 | Zot:5    | Got the Orb of Zot
 80071 | Zot:3    | Noticed Hied the pandemonium lord
 80181 | Depths:4 | Noticed Caah the pandemonium lord
 80198 | Depths:4 | Killed Caah the pandemonium lord
 80650 | D:$      | Escaped with the Orb!

Illustrated notes

Levels and vault maps discovered:
D:1:      dpeg_arrival_rooms_b, layout_basic, shapermc_ecumenical_altar_gd
D:2:      layout_loops_cross
D:3:      layout_basic, mainiacjoe_overflow_alcove_4, uniq_pargi
D:4:      layout_cave_pods, temple_hall, serial_column_ruins, column_ruins_hut,
          column_ruins_hut_ruined, column_ruins_corridor_corner,
          column_ruins_open_tiny, column_ruins_open_small,
          column_ruins_open_tiny_water, minmay_box_of_dots, uniq_blork_the_orc
D:5:      layout_cave_pools, mainiacjoe_overflow_surrounded_room
D:6:      layout_basic, nicolae_overflow_macrodata_refinement
D:7:      layout_gridville, chequers_serial_rivers_small_b, uniq_maurice
D:8:      layout_loops_ring, lemuel_doored_altar, serial_demonic,
          serial_demonic_a, serial_demonic_a, serial_demonic_a,
          serial_demonic_d, serial_demonic_b, serial_demonic_e, serial_shops,
          shop, dreamdust_mushroom_princess, uniq_jeremiah
D:9:      minmay_spotlight, layout_cave_pools, erik_lair_island
D:10:     layout_long_grid, orc_0_dummy, serial_shops,
          nicolae_shop_back_alley_shop, st_stairs_4
D:11:     layout_loops_corners, chequers_avenue
D:12:     layout_loops_ring, serial_bayou_lagoon_b
D:13:     layout_roguey, skrybe_vaults_entry_preservation
D:14:     layout_loops_ring, kennysheep_big_empty_room
D:15:     hangedman_depths_entry_try_elsewhere_first, layout_long_grid,
          minmay_misc_feat_alley
Temple:   regret_index_temple_waves
Lair:1:   layout_chaotic_city, basic_altar, nicolae_lair_lakeside_cave,
          lemuel_fruit_tree, grunt_megastairs_3
Lair:2:   layout_regular_city, nicolae_swamp_entry_splash_gauntlet,
          alex1729_snake_entry_snake
Lair:3:   layout_loops_ring, serial_bayou_pond_c, st_stairs_10, minivault_25,
          kilobyte_rumbling_trees, uniq_fannar
Lair:4:   layout_cave_pods, dpeg_slime_entry_enclosed, patterned_corridor
Lair:5:   hangedman_lair_caniforms_friends, layout_regular_city,
          guppyfry_lair_end_dragon, st_stairs_5, chequers_serial_rivers_large_a,
          infiniplex_staircase_pool_2
Swamp:1:  layout_falls_marsh, evilmike_swamp_ruin_rubble_2
Swamp:2:  layout_basic_swamp, gammafunk_ghost_mausoleum,
          hangedman_swamp_ruin_wall
Swamp:3:  layout_falls_marsh, evilmike_swamp_ruin_house_6
Swamp:4:  swamp_basic_johnstein, layout_basic_swamp
Snake:1:  layout_rooms, grunt_megastairs_1, uniq_frances, uniq_aizul
Snake:2:  layout_layer_cave, st_stairs_11, nicolae_stop_n_shop_2,
          nicolae_snake_mages_go_home, uniq_nikola
Snake:3:  layout_rooms, nicolae_shop_i_like_big_books, nicolae_triple_integral,
          grunt_megastairs_2
Snake:4:  grunt_snake_rune_pools, layout_basic, special_room, basic_altar,
          serial_shops, shop, uniq_saint_roka, uniq_bai_suzhen
Slime:1:  layout_caves
Slime:2:  layout_caves, cheibrodos_slime_lost_civilization_7
Slime:3:  layout_caves
Slime:4:  layout_caves
Slime:5:  slime_pit_nicolae_trefoil
Orc:1:    layout_diamond_mine, portal_ice_cave_rime, basic_altar, serial_shops,
          shop
Orc:2:    grunt_orc_gardens, layout_caves, grunt_orc_garden, grunt_orc_garden,
          grunt_orc_garden, grunt_orc_garden, uniq_donald
Elf:1:    layout_loops_corners, hangedman_elven_crosses_minicolossus,
          uniq_norris
Elf:2:    nicolae_elf_blades_splatter_lattice
          [nicolae_blade_entry_diamond_columns], layout_geoelf_diagonals,
          eino_tiny_chamber, grunt_ministairs_10
Elf:3:    minmay_elf_hall_quartered_circle, layout_gridlike, serial_shops, shop,
          amcnicky_mini_corridor_feature, dreamdust_deal_with_the_devil
Vaults:1: gammafunk_ghost_crypt, nicolae_vaults_trapezoid_1, v_rooms_5,
          nicolae_vaults_tetromino_Z_2, ontoclasm_vaults_eye,
          vaults_mumra_hexcomb, nicolae_vaults_stepped_doors,
          ontoclasm_vaults_gateway, v_misc_18, nicolae_vaults_little_squares_5,
          layout_vaults_omnigrid
Vaults:2: vaults_mumra_chevron, nicolae_vaults_spaceships, grunt_vaults_funnel,
          grunt_vaults_twisty, minmay_crypt_entry_simple_box,
          nicolae_vaults_shelves_hall, v_misc_29,
          nicolae_vaults_layer_cake_slice, hangedman_vaults_unwind, v_misc_16,
          ontoclasm_vaults_gallery, nicolae_vaults_windows_and_doors_thing,
          nicolae_vaults_trapezoid_lopsided_2, nicolae_vaults_theta,
          nicolae_vaults_tetromino_L_1, vaults_dpeg_encased_lava,
          nicolae_vaults_little_squares_3, layout_vaults_big_cross,
          serial_shops, shop
Vaults:3: nicolae_vaults_tetromino_T_2, nicolae_vaults_house_3,
          hangedman_vaults_cutoff, nicolae_vaults_little_squares_4,
          nicolae_vaults_ring_of_whatevers, nicolae_vaults_tetromino_Z_1,
          vaults_room_fancy_cross, nicolae_vaults_little_squares_2,
          ontoclasm_vaults_ligature, vaults_mumra_minichess_inversion,
          v_misc_23, v_misc_28, layout_vaults_big_room, uniq_mennas
Vaults:4: v_misc_1, nicolae_vaults_big_angled_halls,
          nicolae_vaults_shelves_hall, grunt_vaults_focal,
          nicolae_vaults_network_square, nicolae_vaults_fighting_squares,
          ontoclasm_vaults_claustrophobia, nicolae_vaults_closet_pinwheel_5,
          nicolae_vaults_apartment_2, vaults_dpeg_hooks, layout_vaults_omnibox
Depths:1: layout_gridlike, enter_ziggurat_f, gammafunk_ghost_tricky_traps,
          hell_entry, cheibriados_altar_1, roderic_lattice_octagonal_star,
          minmay_shop_star
Depths:2: minmay_crystal_thing, layout_twisted_cross, grunt_pan_entry_spiral,
          hell_entry, fedhas_altar_3
Depths:3: minmay_box_of_statues, layout_gridlike, rand_demon_pan_entry_1,
          serial_sigils, serial_sigils_hangedman_shear,
          serial_sigils_hangedman_quiver, serial_sigils_hangedman_scar,
          serial_sigils_hangedman_stare, abyss_entry_small_statue_room,
          hell_entry, nicolae_elyvilon_peaceful_grove, kiku_gazebo_pond_becter
Depths:4: grunt_zot_entry_hairpin, layout_cave_pools,
          chequers_serial_rivers_small_a, gammafunk_ghost_necromancy,
          hell_entry, hangedman_abyss_entry_splay, uniq_xtahua
Zot:1:    layout_misc_corridors, ebering_ghost_gozag
Zot:2:    layout_misc_corridors, skrybe_zot_glass_1
Zot:3:    nicolae_zot_stationary_front, layout_onion, nicolae_transporter_circle
Zot:4:    ebering_klown_carousel, layout_cathedral_of_symmetry
Zot:5:    layout_cathedral_of_symmetry, grunt_ministairs_15

Skill      XL: |  1  2  3  4  5  6  7  8  9 10 11 12 13 14 15 16 17 18 19 20 21 22 23 24 |
---------------+-------------------------------------------------------------------------+-----
Stealth        | 1 2 3 4 5 8 |  8.0
Ranged Weapons | 4 5 6 7 8 9 11 12 14 16 17 18 19 20 | 20.0
Fighting       | 2 3 4 6 7 8 10 11 12 13 14 15 16 18 19 | 19.7
Evocations     | 2 4 6 7 8 9 10 12 13 14 16 17 | 17.0
Dodging        | 2 3 4 5 6 8 9 10 12 13 15 | 15.9
Summonings     | 2 4 7 8 10 | 10.0
Spellcasting   | 2 4 5 6 |  6.0
Armour         | 3 5 6 8 9 10 11 | 11.0
Conjurations   | 3 6 8 |  8.0
Translocations | 3 6 7 9 10 | 10.0
Hexes          | 3 6 7 9 10 | 10.0
Shields        | 4 6 7 9 10 11 | 11.4
Air Magic      | 4 7 8 |  8.0
Earth Magic    | 6 |  6.0

Action                     |  1- 3 |  4- 6 |  7- 9 | 10-12 | 13-15 | 16-18 | 19-21 | 22-24 || total
---------------------------+-------+-------+-------+-------+-------+-------+-------+-------++-------
  Melee: Long sword        |       |       |     4 |       |       |       |       |       ||     4
         Punch             |       |       |     1 |       |       |       |       |       ||     1
   Fire: Shortbow          |   121 |   122 |   187 |       |       |       |       |       ||   430
         Orcbow            |       |       |   154 |   220 |       |       |       |       ||   374
         Sling             |       |       |       |   594 |   227 |       |       |       ||   821
         Hand cannon       |       |       |       |       |  1109 |  1345 |  1356 |  1308 ||  5118
  Throw: Dart              |       |     9 |    37 |     5 |    35 |       |     5 |     1 ||    92
         Throwing net      |       |       |       |     1 |     2 |     1 |       |       ||     4
   Cast: Summon Small Mamm |       |       |       |     1 |       |       |       |       ||     1
         Iskenderun's Myst |       |       |       |       |       |     3 |    11 |    27 ||    41
         Cause Fear        |       |       |       |       |       |     2 |     3 |       ||     5
         Dimensional Bulls |       |       |       |       |       |    25 |   112 |    91 ||   228
         Silence           |       |       |       |       |       |       |     1 |       ||     1
         Summon Lightning  |       |       |       |       |       |       |    18 |    17 ||    35
         Summon Mana Viper |       |       |       |       |       |       |    16 |    36 ||    52
         Swiftness         |       |       |       |       |       |       |     2 |     3 ||     5
         Blink             |       |       |       |       |       |       |     5 |       ||     5
         Apportation       |       |       |       |       |       |       |       |     5 ||     5
         Passwall          |       |       |       |       |       |       |       |     4 ||     4
  Evoke: Wand              |       |       |     4 |    10 |    34 |    19 |    21 |    14 ||   102
         Phantom mirror    |       |       |       |     1 |     2 |     2 |     3 |     1 ||     9
         Box of beasts     |       |       |       |       |     3 |     3 |     3 |     2 ||    11
         Lightning rod     |       |       |       |       |     5 |    12 |    14 |     3 ||    34
    Use: Potion            |     3 |     1 |     3 |     2 |     8 |     9 |     7 |    12 ||    45
         Scroll            |     1 |     5 |     6 |     9 |    21 |    21 |    12 |    17 ||    92
 Armour: Leather armour    |    23 |    38 |     6 |       |       |    43 |       |   152 ||   262
         Steam dragon scal |       |       |   108 |   142 |    52 |       |       |       ||   302
         Skin              |       |       |     5 |       |       |       |       |     1 ||     6
         Swamp dragon scal |       |       |       |       |   328 |   102 |       |       ||   430
         Robe              |       |       |       |       |       |   166 |   228 |    71 ||   465
  Dodge: Dodged            |    37 |    21 |   139 |   213 |   457 |   364 |   424 |   546 ||  2201
  Block: Other             |       |       |       |       |     7 |       |       |       ||     7
         Buckler           |       |       |       |       |    89 |    88 |   232 |   315 ||   724
         Reflection        |       |       |       |       |    16 |    54 |    47 |     3 ||   120
         Kite shield       |       |       |       |       |       |   495 |   174 |       ||   669

Table legend: (Time is in decaauts)
 A = Elapsed time spent in this place.
 B = Non-inter-level travel time spent in this place.
 C = Inter-level travel time spent in this place.
 D = Time resting spent in this place.
 E = Time spent auto-exploring this place.
 F = Levels seen in this place.
 G = Mean time per level.
                   A        B        C        D        E       F      G
               +--------+--------+--------+--------+--------+-----+--------+
         Total |  81269 |  66563 |  14706 |  13573 |  26964 |  53 | 1533.4 |
       Dungeon |  19790 |  14184 |   5606 |   2012 |   4764 |  15 | 1319.3 |
        Temple |      1 |      1 |      0 |      0 |      0 |   1 |    1.0 |
          Lair |   8990 |   6942 |   2048 |   1281 |   2980 |   5 | 1798.0 |
         Swamp |   3097 |   2681 |    416 |    517 |    971 |   4 |  774.2 |
     Snake Pit |   5168 |   4742 |    426 |    620 |   2009 |   4 | 1292.0 |
    Slime Pits |   4066 |   3801 |    265 |    512 |   2021 |   5 |  813.2 |
  Orcish Mines |   2494 |   1614 |    880 |    142 |    673 |   2 | 1247.0 |
   Elven Halls |   5290 |   4861 |    429 |   1186 |   2253 |   3 | 1763.3 |
        Vaults |  10046 |   9180 |    866 |   2294 |   4006 |   4 | 2511.5 |
        Depths |  10495 |   8243 |   2252 |   2445 |   3231 |   4 | 2623.8 |
           Zot |  11215 |   9700 |   1515 |   2488 |   4055 |   5 | 2243.0 |
      Ice Cave |    611 |    611 |      0 |     75 |      0 |   1 |  611.0 |
               +--------+--------+--------+--------+--------+-----+--------+

Top non-repeatable levels by time:
Vaults:1: 4131 daAuts
   Zot:5: 3507 daAuts
Depths:1: 3375 daAuts
   Zot:4: 3072 daAuts
Depths:4: 2545 daAuts
Depths:3: 2463 daAuts
   Elf:3: 2419 daAuts
Vaults:2: 2306 daAuts
Depths:2: 2110 daAuts
Vaults:4: 2036 daAuts
  Lair:1: 2013 daAuts
  Lair:2: 1989 daAuts
   Zot:1: 1951 daAuts
    D:15: 1898 daAuts
   Zot:3: 1878 daAuts
